← All builds
Geo / Armada / Economy first / OBSERVED BUILD

Standard geo

Armada Geo build order · Supreme Isthmus

Standard Geo economy build: Bot Lab into Geothermal, Advanced Metal Extractor and a Vehicle Plant into Advanced Geothermal, transitioning into T2 constructor and Starlights to supply front and allies.

Usually blows up the commander for T2 (67%)

#eco #t2 · 847 distinct matches · 119 players · 56% of Armada Geo games · team won 54% of 955 · Recently observed

HOW TO PLAY IT

Key timing: Geothermal Powerplant by 3:26

  1. Open mex and wind, start bot lab immediately.
  2. Finish bot lab and begin feeding army and cons.
  3. Finish geothermal plant to fund the T2 push.
  4. Push T2 constructor, then advanced geothermal by 7:15.
  5. Bring first Starlight to front, switch into T2 con supply for allies.

Phase by phase

TYPICAL OF ITS 847 GAMES
  1. 1
  2. 2
  3. 3
  4. 4
PLAY THE OPENING

Follow the example game's first 6:00 step by step: what to build now, what comes next, and where it goes. At 1× it keeps pace with your own game.

  1. 1

    Up to the Bot Lab

    Economy
    • Metal Extractor2Mex
    • Wind Turbine4Wind
    Order
    1. Bot LabBot Lab after 2 mex, 4 winddone ~1:09, middle half 0:58–1:21

    By 0:51 in all: 2 mex · 4 wind

    The example game in this phase · 3 steps
    1. Mex ×3
    2. Wind ×3
    3. Bot LabBot Labdone 1:14 · typical 1:09
  2. 2

    Bot Lab to 5:00

    Economy
    • Metal Extractor2Mex
    • Wind Turbine3Wind
    • Energy Converter8Converter
    • Energy Storage1Energy storage
    Order
    1. Geothermal PowerplantGeo after 4 mex, 5 wind, 1 energy storage
    2. Bot LabEat Bot Lab
    Builders
    • Construction Turret5 Con turret
    • Lazarus4 Lazarus
    • Construction Bot2 Con bot
    • Construction Bot1 Con bot for allies
    • Lazarus1 Lazarus for allies

    By 5:00 in all: 4 mex · 7 wind · 1 geo · 8 converter · 1 energy storage · 5 con turret

    The example game in this phase · 13 steps
    1. LazarusLazarus
    2. Wind ×2
    3. LazarusLazarusfor Beach sea
    4. LazarusLazarus ×2
    5. Construction BotCon bot ×2
    6. Geothermal PowerplantGeodone 3:11 · typical 3:27
    7. Mex
    8. Con turret ×2
    9. Bot LabEat Bot Labreclaimed for its metal
    10. Con turret
    11. Converter ×3
    12. Energy storage
    13. Con turret ×3
  3. 3

    5:00 to Vehicle Plant

    Order
    1. Advanced Geothermal PowerplantAdvanced Geothermal Powerplant after 8 wind, 10 converter, 6 con turretin 58% of games
    2. Vehicle PlantVehicle Plant after 10 wind, 10 converter, 6 con turretdone ~7:07, middle half 6:41–7:34
    Builders
    • Construction Turret1 Con turret

    Some games also: converter (49%) · wind (47%)

    By 6:59 in all: 4 mex · 10 wind · 1 geo · 1 Advanced Geothermal Powerplant · 10 converter · 1 energy storage

    The example game in this phase · 5 steps
    1. Converter ×7
    2. Wind
    3. Converter
    4. Wind
    5. Vehicle PlantVehicle Plantdone 5:38 · typical 7:07
  4. 4

    Vehicle Plant to 10:00

    Economy
    • Wind Turbine6Wind
    • Energy Converter4Converter
    Order
    1. Advanced Vehicle PlantAdvanced Vehicle Plant after 11 wind, 12 converter, 7 con turret
    2. Vehicle PlantEat Vehicle Plant
    Builders
    • Construction Vehicle1 Con vehicle
    • Advanced Construction Vehicle1 T2 con vehicle for allies
    Army
    • Starlight2 Starlight
    • Umbra1 Jammer
    • Prophet1 Radar vehicle

    Some games also: con turret (50%) · Jaguar (33%) · Radar Tower (30%)

    By 10:00 in all: 4 mex · 21 wind · 1 geo · 1 Advanced Geothermal Powerplant · 16 converter · 1 energy storage

    The example game in this phase · 33 steps
    1. Wind
    2. Construction VehicleCon vehicle
    3. Wind ×7
    4. Converter
    5. Wind
    6. Vehicle PlantEat Vehicle Plantreclaimed for its metal
    7. Wind ×7
    8. Advanced Vehicle PlantAdvanced Vehicle Plantdone 7:38 · typical 8:03
    9. Wind ×3
    10. Advanced Metal ExtractorT2 mex ×2done 7:25 · typical 5:35
    11. Wind
    12. Advanced Metal ExtractorT2 mex
    13. Advanced Geothermal PowerplantAdvanced Geothermal Powerplantdone 9:10 · typical 7:09
    14. Advanced Metal ExtractorT2 mex
    15. StarlightStarlightdone 9:27 · typical 9:01
    16. Converter ×3
    17. UmbraJammer
    18. ProphetRadar vehicle
    19. StarlightStarlight ×3
    20. ShredderShredderdone 10:40
    21. JaguarJaguar ×4
    22. Bot LabBot Labdone 11:08
    23. JaguarJaguar
    24. Bot LabBot Labdone 11:13
    25. TickTick ×3
    26. JaguarJaguar
    27. TickTick ×4
    28. JaguarJaguar
    29. TickTick ×22
    30. LazarusLazarus ×2
    31. TickTick ×178
    32. LazarusLazarus ×2
    33. TickTick ×30

Counts are medians over the build's games: half of them build more, half fewer. The example game is ucsd09's (37 OS, 10/10/2026); pick another.

Team trades

IN AT LEAST 30% OF ITS GAMES

You hand over

  • Lazarus1 Lazarus to Beach seafirst at 2:16 · in 78% of games
  • Construction Bot1 Con bot to Beach seafirst at 2:28 · in 88% of games
  • Advanced Construction Vehicle1 T2 con vehicle to Suicide front or Frontfirst at 8:45 · in 64% of games

You get

  • Hercules1 Light transport from Airfirst at 4:19 · in 31% of games
  • Advanced Construction Bot1 T2 con bot from Techfirst at 4:50 · in 94% of games

How it plays out

Typical game of this build, running totals by minute

Metal produced

020k40k
0:005:0010:0015:00

metal

Enemy metal destroyed

05k10k15k
0:005:0010:0015:00

metal

Own metal lost

02k4k6k
0:005:0010:0015:00

metal

955 games.

Show as table
ByMetal produced: This buildEnemy metal destroyed: This buildOwn metal lost: This build
1:0033300
2:0082000
3:00153000
4:00269300
5:00372000
6:00565500
7:00810000
8:0011504042
9:001453854130
10:0017434537260
11:00203841956670
12:002325339241831
13:002607760193205
14:002900184564584
15:0031772105465975
WHAT THE NUMBERS SAY

Standard Geo play, the only build here with a team win rate matching Front at 54%, and by far the heaviest metal producer at 17416 by 10:00.

  • + Metal produced hits 17416 by 10:00, well above every other role at that point.
  • + Starlight makes up 33% of the army composition, a strong T2 presence.
  • − Own metal lost jumps to 6061 by 15:00 after staying at 0 through 10:00, a late spike.
THE EXAMPLE YOU ARE READING

ucsd09

36.5 OS · 10/10/2026

Open source match ↗

2 received units · includes a constructor
1490 metal received · 31792 energy received

Allied construction assistance is unknown. Timings are observations, not a promise of solo reproducibility.

Typical milestones

Bot Lab1:09Middle 50%: 0:58–1:21 · n=954
Geothermal Powerplant3:27Middle 50%: 3:11–3:44 · n=952
Advanced Metal Extractor5:35Middle 50%: 5:19–5:58 · n=948
Vehicle Plant7:07Middle 50%: 6:41–7:34 · n=921
Advanced Geothermal Powerplant7:09Middle 50%: 6:50–7:39 · n=684
Advanced Vehicle Plant8:03Middle 50%: 7:39–8:38 · n=876
Starlight9:01Middle 50%: 8:31–9:44 · n=776

Played most by

zeus_on_god114games of this build0neTw0107games of this buildXad54games of this buildViltrum46games of this buildDamsko42games of this build